AoeStats
← wxm

Arabia

509603305Analyzed
1v1 RM · 6d ago on Sep 27, 2026· 41m 51s· 2 players
Game mode
Random Map
Map size
Tiny (2 player)
Population
200
Speed
Normal
Resources
Standard
Victory
Conquest
Starting age
Dark Age
Ending age
Imperial Age
RankedLock teamsTeams togetherTeam positionsShared explorationLock speedFull tech treeHidden civsTurbo modeCheats
Victory
Defeat
🇪🇸 Japanese · Spain
409
+15
🇨🇳 Teutons · China
392
-15
wxm
10:50 Feudal Age
12:14 Horse Collar
13:48 Double-Bit Axe
14:42 Wheelbarrow
18:03 Forging
22:35 Castle Age
25:41 Bow Saw
25:34 Heavy Plow
27:19 Hand Cart
29:35 Imperial Age
29:23 Town Watch
31:05 Scale Mail Armor
31:06 Padded Archer Armor
35:51 Iron Casting
37:33 Blast Furnace
36:50 Chain Mail Armor
rocvenz
9:24 Loom
12:13 Feudal Age
13:21 Double-Bit Axe
13:44 Horse Collar
16:41 Gold Mining
21:06 Castle Age
19:44 Stone Mining
19:58 Scale Mail Armor
21:18 Forging
25:49 Chain Mail Armor
29:04 Iron Casting
Connection lost

Rejoining the realm…

Still unreachable

The connection could not be restored.

Session expired

The server has moved on; the page needs a fresh start.